[Event "Live Chess"]
[Site "Chess.com"]
[Date "2011.01.23"]
[Round "-"]
[White "hipposcottimus"]
[Black "MrL"]
[Result "1-0"]
[CurrentPosition "8/Q7/8/1P4pp/4k3/8/P5PP/7K b - -"]
[Timezone "UTC"]
[ECO "C20"]
[ECOUrl "https://www.chess.com/openings/Kings-Pawn-Opening-The-Whale-Variation"]
[UTCDate "2011.01.23"]
[UTCTime "21:48:54"]
[WhiteElo "1428"]
[BlackElo "1361"]
[TimeControl "360+10"]
[Termination "hipposcottimus won by resignation"]
[StartTime "21:48:54"]
[EndDate "2011.01.23"]
[EndTime "22:07:05"]
[Link "https://www.chess.com/game/live/90666407"]

1. e4 e5 2. c4 Bc5 3. Nf3 d6 4. d4 exd4 5. Bd3 Bg4 6. O-O Nf6 7. Re1 O-O 8. Bg5 Nbd7 9. Nbd2 h6 10. Bxf6 Qxf6 11. Qc2 Ne5 12. Nxe5 dxe5 13. Rf1 Qg6 14. f4 exf4 15. Rxf4 Be2 16. Nf3 Bxf3 17. Rxf3 Rae8 18. Rg3 Qh7 19. Kh1 h5 20. Qd2 Re5 21. b4 Bd6 22. c5 Rxc5 23. e5 Qxd3 24. Qxd3 Rxe5 25. Qxd4 f6 26. Re3 Rb5 27. Qc4+ Kh8 28. Qxb5 Be5 29. Rd1 g6 30. Rxe5 fxe5 31. Qxe5+ Kg8 32. Qxc7 Rf7 33. Qc8+ Kg7 34. Rd7 b5 35. Rxf7+ Kxf7 36. Qd7+ Kf6 37. Qxb5 g5 38. Qa6+ Kf5 39. Qxa7 Ke4 40. b5 1-0

[Event "Live Chess"]
[Site "Chess.com"]
[Date "2011.01.23"]
[Round "-"]
[White "MrL"]
[Black "hipposcottimus"]
[Result "1-0"]
[CurrentPosition "5R2/pp4N1/2p5/6k1/7p/3Pn2B/PPPK4/8 b - -"]
[Timezone "UTC"]
[ECO "C23"]
[ECOUrl "https://www.chess.com/openings/Bishops-Opening-Khan-Gambit"]
[UTCDate "2011.01.23"]
[UTCTime "21:23:36"]
[WhiteElo "1368"]
[BlackElo "1421"]
[TimeControl "360+10"]
[Termination "MrL won on time"]
[StartTime "21:23:36"]
[EndDate "2011.01.23"]
[EndTime "21:47:58"]
[Link "https://www.chess.com/game/live/90659053"]

1. e4 e5 2. Bc4 d5 3. Bxd5 Nf6 4. Nc3 Bd6 5. Nf3 O-O 6. O-O c6 7. Bb3 Bg4 8. d3 h6 9. h3 Bh5 10. g4 Nxg4 11. hxg4 Bxg4 12. Kg2 Qf6 13. Rh1 Qg6 14. Be3 Kh8 15. Kf1 f5 16. Nh4 Qh5 17. f3 fxe4 18. Nxe4 Rxf3+ 19. Nxf3 Qxh1+ 20. Kf2 Qh5 21. Ng3 Qf7 22. Qh1 Qf8 23. Rf1 Bc5 24. Ke2 Bxe3 25. Kxe3 Qf4+ 26. Kf2 Nd7 27. Ne2 Qf8 28. Ke1 Nf6 29. Nxe5 Bh5 30. Qxh5 Nxh5 31. Ng6+ Kh7 32. Nxf8+ Rxf8 33. Rxf8 Nf6 34. Be6 h5 35. Bf5+ Kh6 36. Bh3 Kg5 37. Nd4 Kh4 38. Bf1 Ng4 39. Nf5+ Kg5 40. Nxg7 h4 41. Bh3 Ne3 42. Kd2 1-0

[Event "Live Chess"]
[Site "Chess.com"]
[Date "2011.01.23"]
[Round "-"]
[White "hipposcottimus"]
[Black "MrL"]
[Result "1-0"]
[CurrentPosition "7k/p1p3r1/5Q1p/5p2/8/2N5/P3KP1P/6R1 b - -"]
[Timezone "UTC"]
[ECO "C51"]
[ECOUrl "https://www.chess.com/openings/Giuoco-Piano-Game-Evans-Accepted-McDonnell-Defense-6.O-O"]
[UTCDate "2011.01.23"]
[UTCTime "21:08:09"]
[WhiteElo "1430"]
[BlackElo "1357"]
[TimeControl "360+10"]
[Termination "hipposcottimus won by resignation"]
[StartTime "21:08:09"]
[EndDate "2011.01.23"]
[EndTime "21:22:30"]
[Link "https://www.chess.com/game/live/90655092"]

1. e4 e5 2. Nf3 Nc6 3. Bc4 Bc5 4. b4 Bxb4 5. c3 Bc5 6. O-O Nf6 7. d4 exd4 8. cxd4 Bb4 9. Bd2 Nxe4 10. Bxb4 Nxb4 11. Re1 d5 12. Qa4+ Nc6 13. Bxd5 Qxd5 14. Nc3 Qf5 15. Rxe4+ Be6 16. d5 O-O 17. dxe6 fxe6 18. Rh4 g5 19. Rh5 Rf6 20. Rxg5+ Rg6 21. Rxf5 exf5 22. Qc4+ Kh8 23. Nh4 Rg4 24. Qb5 Rxh4 25. Qxb7 Rg8 26. Qxc6 Rhg4 27. Qf6+ R8g7 28. Rd1 Rxg2+ 29. Kf1 Rg1+ 30. Ke2 h6 31. Rxg1 1-0

[Event "Live Chess"]
[Site "Chess.com"]
[Date "2011.01.23"]
[Round "-"]
[White "hipposcottimus"]
[Black "MrL"]
[Result "1-0"]
[CurrentPosition "3r1r1k/p3b3/2p1Bp2/4pN2/1n1pN1P1/7R/5P1P/5K2 b - -"]
[Timezone "UTC"]
[ECO "C51"]
[ECOUrl "https://www.chess.com/openings/Giuoco-Piano-Game-Evans-Accepted-McDonnell-Defense-6.O-O"]
[UTCDate "2011.01.23"]
[UTCTime "20:47:29"]
[WhiteElo "1432"]
[BlackElo "1353"]
[TimeControl "360+10"]
[Termination "hipposcottimus won by checkmate"]
[StartTime "20:47:29"]
[EndDate "2011.01.23"]
[EndTime "21:03:48"]
[Link "https://www.chess.com/game/live/90649307"]

1. e4 e5 2. Nf3 Nc6 3. Bc4 Bc5 4. b4 Bxb4 5. c3 Bc5 6. O-O Nf6 7. d4 exd4 8. cxd4 Bb4 9. a3 Ba5 10. Bg5 O-O 11. e5 h6 12. Bxf6 gxf6 13. Nh4 fxe5 14. Qh5 Qg5 15. Qxg5+ hxg5 16. Nf3 Nxd4 17. Nxg5 Ne6 18. Ne4 c6 19. Nd6 b5 20. Bd3 Ba6 21. Ra2 Nf4 22. Bf5 Rad8 23. g3 Bc7 24. Rd2 Nd5 25. Ne4 Ba5 26. Rc2 b4 27. axb4 Bxb4 28. Nbc3 Bxf1 29. Kxf1 f6 30. Ne2 Be7 31. g4 Nb4 32. Rc3 d5 33. Be6+ Kg7 34. N2g3 d4 35. Nf5+ Kh8 36. Rh3# 1-0

[Event "Live Chess"]
[Site "Chess.com"]
[Date "2011.01.23"]
[Round "-"]
[White "MrL"]
[Black "hipposcottimus"]
[Result "0-1"]
[CurrentPosition "8/8/p7/8/1p3p1k/r4P1P/5K2/8 w - -"]
[Timezone "UTC"]
[ECO "C50"]
[ECOUrl "https://www.chess.com/openings/Italian-Game"]
[UTCDate "2011.01.23"]
[UTCTime "20:19:06"]
[WhiteElo "1360"]
[BlackElo "1425"]
[TimeControl "360+10"]
[Termination "hipposcottimus won by resignation"]
[StartTime "20:19:06"]
[EndDate "2011.01.23"]
[EndTime "20:46:50"]
[Link "https://www.chess.com/game/live/90641108"]

1. e4 e5 2. Bc4 Nc6 3. Nf3 Nf6 4. Ng5 d5 5. exd5 Na5 6. Bb5+ Bd7 7. Bxd7+ Nxd7 8. d3 Be7 9. Ne4 O-O 10. O-O b6 11. c4 f5 12. Ng3 c6 13. Bd2 f4 14. Ne4 cxd5 15. cxd5 Nb7 16. Qb3 Nbc5 17. Nxc5 Nxc5 18. Qc4 Kh8 19. Nc3 f3 20. Ne4 fxg2 21. Kxg2 Rc8 22. d6 Bxd6 23. Nxd6 Qxd6 24. Be3 Nxd3 25. Qe4 Nf4+ 26. Bxf4 exf4 27. Rad1 Qf6 28. f3 h5 29. Qd5 Qxb2+ 30. Rf2 Qf6 31. Qxh5+ Kg8 32. Qd5+ Kh8 33. Kh1 Rc5 34. Qd7 a6 35. Rg2 Rh5 36. Rdg1 Rh7 37. Qb7 b5 38. Rg4 g5 39. Qe4 Re7 40. Qd5 Kg7 41. Rxg5+ Kh8 42. Rh5+ Rh7 43. Rxh7+ Kxh7 44. Rg5 Rd8 45. Rh5+ Kg6 46. Qc5 Rd2 47. Rd5 Qa1+ 48. Qg1+ Qxg1+ 49. Kxg1 Rxd5 50. Kg2 Rd2+ 51. Kh3 Kg5 52. a3 Rd3 53. Kg2 Rxa3 54. h3 Kh4 55. Kf2 b4 0-1

[Event "Live Chess"]
[Site "Chess.com"]
[Date "2011.01.23"]
[Round "-"]
[White "hipposcottimus"]
[Black "MrL"]
[Result "0-1"]
[CurrentPosition "7R/pp1P2p1/6kp/5q2/8/8/P4PPP/6K1 w - -"]
[Timezone "UTC"]
[ECO "C51"]
[ECOUrl "https://www.chess.com/openings/Giuoco-Piano-Game-Evans-Accepted-McDonnell-Defense-6.O-O"]
[UTCDate "2011.01.23"]
[UTCTime "20:07:27"]
[WhiteElo "1418"]
[BlackElo "1367"]
[TimeControl "360+10"]
[Termination "MrL won on time"]
[StartTime "20:07:27"]
[EndDate "2011.01.23"]
[EndTime "20:18:06"]
[Link "https://www.chess.com/game/live/90636440"]

1. e4 e5 2. Nf3 Nc6 3. Bc4 Bc5 4. b4 Bxb4 5. c3 Bc5 6. O-O Nf6 7. d4 exd4 8. cxd4 Be7 9. Re1 O-O 10. e5 Ng4 11. Nc3 Bb4 12. Bb2 Bxc3 13. Bxc3 d5 14. exd6 cxd6 15. d5 Nce5 16. Nxe5 Nxe5 17. Bxe5 dxe5 18. Rxe5 f6 19. Re7 Kh8 20. d6 Bd7 21. Bf7 Rc8 22. Be6 Bxe6 23. Rxe6 Rc6 24. Qd5 Re8 25. Rxe8+ Qxe8 26. d7 Qd8 27. Re1 h6 28. Re8+ Kh7 29. Qxc6 Qa5 30. Qe4+ f5 31. Qxf5+ Qxf5 32. Rh8+ Kg6 0-1

[Event "Live Chess"]
[Site "Chess.com"]
[Date "2011.01.22"]
[Round "-"]
[White "hipposcottimus"]
[Black "real08"]
[Result "1-0"]
[CurrentPosition "8/1p3r2/pq4kB/7p/3bB3/1P2Q2P/P7/5RK1 b - -"]
[Timezone "UTC"]
[ECO "B20"]
[ECOUrl "https://www.chess.com/openings/Sicilian-Defense"]
[UTCDate "2011.01.22"]
[UTCTime "20:54:36"]
[WhiteElo "1427"]
[BlackElo "1491"]
[TimeControl "300+5"]
[Termination "hipposcottimus won on time"]
[StartTime "20:54:36"]
[EndDate "2011.01.22"]
[EndTime "21:08:56"]
[Link "https://www.chess.com/game/live/90306319"]

1. e4 c5 2. Bb5 a6 3. Be2 d6 4. c4 Nc6 5. Nf3 Nf6 6. Nc3 g6 7. Qa4 Bd7 8. Qd1 Bg7 9. d4 cxd4 10. Nxd4 O-O 11. Nf3 Qa5 12. O-O Qc7 13. Nd5 Nxd5 14. cxd5 Ne5 15. Nd4 Qb6 16. b3 Rac8 17. Be3 Qd8 18. f4 Rc3 19. Nc2 Rxc2 20. Qxc2 Ng4 21. Bxg4 Bxa1 22. Bxd7 Bg7 23. Bg4 h5 24. Bf3 f5 25. e5 dxe5 26. fxe5 Bxe5 27. Bh6 Rf7 28. Qd2 Kh7 29. Qg5 Bf6 30. Qf4 Qd7 31. h3 e5 32. dxe6 Qxe6 33. g4 Be5 34. Qg5 Bf6 35. Qf4 Be5 36. Qg5 Bf6 37. gxf5 Qb6+ 38. Qe3 Bd4 39. fxg6+ Kxg6 40. Be4+ 1-0

[Event "Live Chess"]
[Site "Chess.com"]
[Date "2011.01.22"]
[Round "-"]
[White "hipposcottimus"]
[Black "dom1845"]
[Result "0-1"]
[CurrentPosition "r5k1/2p3pp/8/8/Pp4PP/5p2/6q1/7K w - -"]
[Timezone "UTC"]
[ECO "C51"]
[ECOUrl "https://www.chess.com/openings/Giuoco-Piano-Game-Evans-Accepted-Anderssen-Variation"]
[UTCDate "2011.01.22"]
[UTCTime "02:39:49"]
[WhiteElo "1647"]
[BlackElo "1638"]
[TimeControl "60"]
[Termination "dom1845 won by checkmate"]
[StartTime "02:39:49"]
[EndDate "2011.01.22"]
[EndTime "02:41:48"]
[Link "https://www.chess.com/game/live/90043249"]

1. e4 e5 2. Nf3 Nc6 3. Bc4 Bc5 4. b4 Bxb4 5. c3 Be7 6. O-O d6 7. d4 Bg4 8. Bb5 a6 9. d5 axb5 10. dxc6 bxc6 11. Be3 Nf6 12. Nbd2 O-O 13. Qb3 Be6 14. Ng5 Bxb3 15. Nxb3 Ng4 16. Nf3 Nxe3 17. fxe3 Bg5 18. Nbd2 Bxe3+ 19. Kh1 Bc5 20. c4 f5 21. cxb5 cxb5 22. exf5 Rxf5 23. Rac1 Qf8 24. Ne4 b4 25. Nxc5 dxc5 26. Rxc5 Qxc5 27. g3 e4 28. g4 Rxf3 29. Rxf3 exf3 30. h4 Qf2 31. a4 Qg2# 0-1

[Event "Live Chess"]
[Site "Chess.com"]
[Date "2011.01.22"]
[Round "-"]
[White "hipposcottimus"]
[Black "mvsbhat"]
[Result "1-0"]
[CurrentPosition "rnbQ2n1/pp6/1kpB3p/8/8/2P5/PP2BPqP/RN2K2R b KQ -"]
[Timezone "UTC"]
[ECO "C40"]
[ECOUrl "https://www.chess.com/openings/Kings-Pawn-Opening-Kings-Knight-Variation"]
[UTCDate "2011.01.22"]
[UTCTime "01:33:21"]
[WhiteElo "1416"]
[BlackElo "1306"]
[TimeControl "600"]
[Termination "hipposcottimus won by checkmate"]
[StartTime "01:33:21"]
[EndDate "2011.01.22"]
[EndTime "01:39:52"]
[Link "https://www.chess.com/game/live/90028882"]

1. e4 e5 2. Nf3 Be7 3. d4 exd4 4. Nxd4 h6 5. Nf5 Bf8 6. Bc4 c6 7. Qf3 Qa5+ 8. Bd2 Qe5 9. Bc3 Qc5 10. Nxg7+ Bxg7 11. Qxf7+ Kd8 12. Bxg7 Qb4+ 13. c3 Qe7 14. Bxh8 Qxe4+ 15. Be2 Qxg2 16. Qf8+ Kc7 17. Be5+ d6 18. Bxd6+ Kb6 19. Qd8# 1-0

[Event "Live Chess"]
[Site "Chess.com"]
[Date "2011.01.22"]
[Round "-"]
[White "mrYscott"]
[Black "hipposcottimus"]
[Result "0-1"]
[CurrentPosition "5rk1/5ppp/2p1p3/p7/P7/2R2PP1/qr2QKBP/7R w - -"]
[Timezone "UTC"]
[ECO "D31"]
[ECOUrl "https://www.chess.com/openings/Queens-Gambit-Declined-Semi-Slav-Defense-Accelerated-Move-Order"]
[UTCDate "2011.01.22"]
[UTCTime "01:19:47"]
[WhiteElo "1443"]
[BlackElo "1410"]
[TimeControl "600"]
[Termination "hipposcottimus won by resignation"]
[StartTime "01:19:47"]
[EndDate "2011.01.22"]
[EndTime "01:30:54"]
[Link "https://www.chess.com/game/live/90025519"]

1. d4 d5 2. c4 c6 3. Nc3 e6 4. a3 Ne7 5. e3 Ng6 6. c5 b6 7. b4 Nd7 8. a4 bxc5 9. bxc5 a5 10. g3 Nxc5 11. dxc5 Bxc5 12. Bg2 Bb4 13. Bd2 Ne5 14. Qc2 Ba6 15. Nge2 Nd3+ 16. Kf1 Qf6 17. f3 Ne5 18. Kf2 Ng4+ 19. Ke1 Nxe3 20. Bxe3 Bxe2 21. Kxe2 Bxc3 22. Rab1 d4 23. Bd2 Qe5+ 24. Kf2 Qc5 25. Qd3 O-O 26. Bxc3 dxc3+ 27. Qe3 Qc4 28. Rbc1 Rab8 29. Rxc3 Rb2+ 30. Kg1 Rb1+ 31. Kf2 Qa2+ 32. Qe2 Rb2 0-1

[Event "Live Chess"]
[Site "Chess.com"]
[Date "2011.01.22"]
[Round "-"]
[White "jerkasmo"]
[Black "hipposcottimus"]
[Result "1-0"]
[CurrentPosition "r1b2rk1/pp4pp/1n2p3/4NpB1/q1PP4/3BP3/P1Qn1PPP/R4RK1 w - -"]
[Timezone "UTC"]
[ECO "D10"]
[ECOUrl "https://www.chess.com/openings/Slav-Defense-3.Nc3"]
[UTCDate "2011.01.22"]
[UTCTime "01:08:20"]
[WhiteElo "1573"]
[BlackElo "1401"]
[TimeControl "480"]
[Termination "jerkasmo won by resignation"]
[StartTime "01:08:20"]
[EndDate "2011.01.22"]
[EndTime "01:17:32"]
[Link "https://www.chess.com/game/live/90023335"]

1. d4 d5 2. c4 c6 3. Nc3 Nd7 4. cxd5 cxd5 5. Nxd5 e6 6. Nc3 f5 7. Nf3 Bb4 8. Qb3 Bxc3+ 9. bxc3 Nb6 10. Bg5 Nf6 11. e3 O-O 12. Bd3 Qd5 13. O-O Ne4 14. c4 Qc6 15. Ne5 Nd2 16. Qc2 Qa4 1-0

[Event "Live Chess"]
[Site "Chess.com"]
[Date "2011.01.22"]
[Round "-"]
[White "hipposcottimus"]
[Black "jagwar"]
[Result "1-0"]
[CurrentPosition "r3kb1r/p1pnppp1/1p1q1n2/7p/N2P2bN/2P5/PP1BBPPP/R2Q1RK1 b kq -"]
[Timezone "UTC"]
[ECO "B01"]
[ECOUrl "https://www.chess.com/openings/Scandinavian-Defense-Mieses-Kotrc-Variation-3.d4"]
[UTCDate "2011.01.22"]
[UTCTime "00:57:16"]
[WhiteElo "1406"]
[BlackElo "1250"]
[TimeControl "420"]
[Termination "hipposcottimus won on time"]
[StartTime "00:57:16"]
[EndDate "2011.01.22"]
[EndTime "01:03:55"]
[Link "https://www.chess.com/game/live/90019986"]

1. e4 d5 2. exd5 Qxd5 3. d4 Bf5 4. Nc3 Qa5 5. Nf3 Nd7 6. Bd3 Bg4 7. O-O Ngf6 8. Bd2 Qb6 9. Na4 Qd6 10. c3 b6 11. Be2 h5 12. Nh4 1-0

[Event "Live Chess"]
[Site "Chess.com"]
[Date "2011.01.22"]
[Round "-"]
[White "jagwar"]
[Black "hipposcottimus"]
[Result "0-1"]
[CurrentPosition "1r2k1nr/p4ppp/B1p1b3/3p4/4p3/q3P1P1/2Q2PKP/b2R4 b k -"]
[Timezone "UTC"]
[ECO "D10"]
[ECOUrl "https://www.chess.com/openings/Slav-Defense-3.Nc3"]
[UTCDate "2011.01.22"]
[UTCTime "00:44:17"]
[WhiteElo "1255"]
[BlackElo "1401"]
[TimeControl "420"]
[Termination "hipposcottimus won by resignation"]
[StartTime "00:44:17"]
[EndDate "2011.01.22"]
[EndTime "00:53:12"]
[Link "https://www.chess.com/game/live/90017685"]

1. d4 d5 2. c4 c6 3. Nc3 Nd7 4. Nf3 e6 5. c5 b6 6. b4 bxc5 7. bxc5 e5 8. e3 e4 9. Ne5 Nxe5 10. dxe5 Bxc5 11. Qh5 Bb4 12. Bb2 Be6 13. a3 Ba5 14. Ba6 Rb8 15. Qe2 Qb6 16. Rb1 Bxc3+ 17. Kf1 Bxb2 18. g3 Qb3 19. Kg2 Qxa3 20. Rhd1 Bxe5 21. Ra1 Bxa1 22. Qc2 0-1

[Event "Live Chess"]
[Site "Chess.com"]
[Date "2011.01.22"]
[Round "-"]
[White "hipposcottimus"]
[Black "jagwar"]
[Result "0-1"]
[CurrentPosition "8/8/8/7p/1RK2r2/p1P5/k6P/8 w - -"]
[Timezone "UTC"]
[ECO "B01"]
[ECOUrl "https://www.chess.com/openings/Scandinavian-Defense-Mieses-Kotrc-Main-Line-4.d4"]
[UTCDate "2011.01.22"]
[UTCTime "00:30:36"]
[WhiteElo "1396"]
[BlackElo "1260"]
[TimeControl "420"]
[Termination "jagwar won on time"]
[StartTime "00:30:36"]
[EndDate "2011.01.22"]
[EndTime "00:43:41"]
[Link "https://www.chess.com/game/live/90014340"]

1. e4 d5 2. exd5 Qxd5 3. Nc3 Qa5 4. d4 c5 5. Bd2 Qc7 6. Nf3 cxd4 7. Nxd4 h6 8. Bb5+ Nc6 9. O-O Nf6 10. Qf3 Bd7 11. Nd5 Nxd5 12. Qxd5 e6 13. Rae1 O-O-O 14. Ne2 exd5 15. Bf4 Bd6 16. Bxc6 Bxc6 17. Bxd6 Qxd6 18. Nd4 Qg6 19. Nxc6 Qxc6 20. Re3 f5 21. Rc3 Qxc3 22. bxc3 Rd6 23. Re1 f4 24. Rd1 g5 25. c4 Rhd8 26. c5 d4 27. cxd6 Rxd6 28. f3 a5 29. Kf2 Kd7 30. g3 Kc6 31. Ke2 Kc5 32. Rb1 Kc4 33. Rb3 b5 34. Rd3 b4 35. a3 h5 36. Kd2 bxa3 37. Rxa3 Ra6 38. gxf4 gxf4 39. c3 d3 40. Ra4+ Kb3 41. Rxf4 a4 42. Rb4+ Ka3 43. f4 Ka2 44. f5 a3 45. f6 Rxf6 46. Kxd3 Rf3+ 47. Kc4 Rf4+ 0-1

[Event "Live Chess"]
[Site "Chess.com"]
[Date "2011.01.22"]
[Round "-"]
[White "jagwar"]
[Black "hipposcottimus"]
[Result "0-1"]
[CurrentPosition "6k1/p2n2pp/B1pPN3/4p3/3pP3/P6P/5r2/r1K1R2R w - -"]
[Timezone "UTC"]
[ECO "D10"]
[ECOUrl "https://www.chess.com/openings/Slav-Defense-3.Nc3"]
[UTCDate "2011.01.22"]
[UTCTime "00:16:17"]
[WhiteElo "1248"]
[BlackElo "1406"]
[TimeControl "420"]
[Termination "hipposcottimus won by checkmate"]
[StartTime "00:16:17"]
[EndDate "2011.01.22"]
[EndTime "00:29:10"]
[Link "https://www.chess.com/game/live/90011037"]

1. d4 d5 2. c4 c6 3. Nc3 Nd7 4. h3 e6 5. Bf4 f6 6. Nf3 Bb4 7. Qb3 Bxc3+ 8. Qxc3 Ne7 9. c5 Ng6 10. Bd6 b6 11. g4 bxc5 12. dxc5 e5 13. O-O-O Ne7 14. e3 O-O 15. g5 fxg5 16. Nxg5 Rxf2 17. e4 Nf5 18. Ne6 d4 19. Qb3 Rb8 20. Qd3 Qa5 21. Qa3 Qxa3 22. bxa3 Nxd6 23. cxd6 Rbb2 24. Re1 Rxa2 25. Bd3 Ba6 26. Bxa6 Ra1# 0-1

[Event "Live Chess"]
[Site "Chess.com"]
[Date "2011.01.21"]
[Round "-"]
[White "junrosales"]
[Black "hipposcottimus"]
[Result "0-1"]
[CurrentPosition "3r4/2Rr1kp1/3n2p1/8/5K2/P7/7P/8 w - -"]
[Timezone "UTC"]
[ECO "C23"]
[ECOUrl "https://www.chess.com/openings/Bishops-Opening-2...Nc6"]
[UTCDate "2011.01.21"]
[UTCTime "23:52:53"]
[WhiteElo "1488"]
[BlackElo "1401"]
[TimeControl "600"]
[Termination "hipposcottimus won by resignation"]
[StartTime "23:52:53"]
[EndDate "2011.01.22"]
[EndTime "00:05:39"]
[Link "https://www.chess.com/game/live/90005262"]

1. e4 e5 2. Bc4 Nc6 3. c3 Nf6 4. d3 d5 5. exd5 Na5 6. Nf3 Nxc4 7. dxc4 Bd6 8. O-O e4 9. Re1 O-O 10. Nd4 Bg4 11. Qb3 c5 12. Nb5 a6 13. Nxd6 Qxd6 14. Be3 b6 15. Nd2 Nd7 16. Qc2 f5 17. a3 f4 18. Nxe4 Qg6 19. Bd2 Bf3 20. g3 Bxe4 21. Qxe4 fxg3 22. Qxg6 gxf2+ 23. Kg2 fxe1=Q 24. Rxe1 hxg6 25. Re6 Kf7 26. Bg5 Rfe8 27. Rd6 Ra7 28. Kf2 Ne5 29. Rxb6 Nxc4 30. Rc6 Nxb2 31. Rxc5 Na4 32. Rc6 Rb7 33. Rxa6 Nxc3 34. d6 Ne4+ 35. Kf3 Nxg5+ 36. Kg4 Ne4 37. Rc6 Rd7 38. Rc7 Rd8 39. Kf4 Nxd6 0-1

[Event "Live Chess"]
[Site "Chess.com"]
[Date "2011.01.21"]
[Round "-"]
[White "hipposcottimus"]
[Black "bojanp81"]
[Result "0-1"]
[CurrentPosition "2r2rk1/5pbp/4p1p1/p3P1B1/Pn1P4/1Bq1Q3/6PP/R4RK1 w - -"]
[Timezone "UTC"]
[ECO "B06"]
[ECOUrl "https://www.chess.com/openings/Modern-Defense-with-1-e4-2.d4-Bg7"]
[UTCDate "2011.01.21"]
[UTCTime "20:01:58"]
[WhiteElo "1390"]
[BlackElo "1484"]
[TimeControl "420+3"]
[Termination "bojanp81 won on time"]
[StartTime "20:01:58"]
[EndDate "2011.01.21"]
[EndTime "20:13:39"]
[Link "https://www.chess.com/game/live/89939473"]

1. e4 g6 2. d4 Bg7 3. e5 d6 4. f4 b6 5. Qf3 c6 6. Bb5 Bd7 7. Bc4 b5 8. Bb3 Nh6 9. Ne2 Bg4 10. Qf2 Nf5 11. Nbc3 Na6 12. Ng3 b4 13. Nxf5 Bxf5 14. Ne2 O-O 15. Ng3 Qc8 16. c3 c5 17. Nxf5 Qxf5 18. Bc2 Qc8 19. O-O dxe5 20. fxe5 bxc3 21. bxc3 cxd4 22. cxd4 Nb4 23. Bb3 a5 24. a4 e6 25. Bg5 Qc3 26. Qe3 Rac8 0-1

[Event "Live Chess"]
[Site "Chess.com"]
[Date "2011.01.21"]
[Round "-"]
[White "bojanp81"]
[Black "hipposcottimus"]
[Result "1-0"]
[CurrentPosition "4Q2k/p5qp/5p2/8/3p4/3Pb2P/2P3P1/5R1K b - -"]
[Timezone "UTC"]
[ECO "C55"]
[ECOUrl "https://www.chess.com/openings/Italian-Game-Two-Knights-Modern-Bishops-Opening-4...d5-5.exd5-Nxd5"]
[UTCDate "2011.01.21"]
[UTCTime "19:50:27"]
[WhiteElo "1478"]
[BlackElo "1396"]
[TimeControl "420+3"]
[Termination "bojanp81 won by resignation"]
[StartTime "19:50:27"]
[EndDate "2011.01.21"]
[EndTime "20:01:09"]
[Link "https://www.chess.com/game/live/89936253"]

1. e4 e5 2. Nf3 Nc6 3. Bc4 Nf6 4. d3 d5 5. exd5 Nxd5 6. h3 Nf6 7. O-O Bd6 8. Re1 O-O 9. a3 Bc5 10. Be3 Nd4 11. Nxd4 exd4 12. Bg5 Qd6 13. Nd2 Bf5 14. Qf3 Qd7 15. b4 Bb6 16. Bxf6 gxf6 17. Qxb7 Qd6 18. Qf3 Bg6 19. Ne4 Bxe4 20. Rxe4 c6 21. Rae1 Bc7 22. Qg4+ Kh8 23. f4 c5 24. Qh5 cxb4 25. axb4 Qxb4 26. Bxf7 Bxf4 27. Rf1 Be3+ 28. Kh1 Qb7 29. Bd5 Qg7 30. Bxa8 Rxa8 31. Re8+ Rxe8 32. Qxe8+ 1-0

[Event "Live Chess"]
[Site "Chess.com"]
[Date "2011.01.21"]
[Round "-"]
[White "hipposcottimus"]
[Black "marcusX"]
[Result "0-1"]
[CurrentPosition "r7/1p3p1p/1kp5/1p2Q3/2q2P2/1PP1P3/7r/2KR4 b - -"]
[Timezone "UTC"]
[ECO "B01"]
[ECOUrl "https://www.chess.com/openings/Scandinavian-Defense-Modern-Variation"]
[UTCDate "2011.01.21"]
[UTCTime "03:05:30"]
[WhiteElo "1402"]
[BlackElo "1569"]
[TimeControl "420"]
[Termination "marcusX won by resignation"]
[StartTime "03:05:30"]
[EndDate "2011.01.21"]
[EndTime "03:16:48"]
[Link "https://www.chess.com/game/live/89702306"]

1. e4 d5 2. exd5 Nf6 3. Bc4 Nxd5 4. Bxd5 Qxd5 5. Nf3 Bg4 6. Nc3 Qc6 7. d4 Bxf3 8. gxf3 e6 9. Rg1 Nd7 10. d5 exd5 11. Nxd5 O-O-O 12. Bf4 Qe6+ 13. Be3 Nb6 14. Nxb6+ axb6 15. Qe2 Bc5 16. Rg4 Bxe3 17. fxe3 Qh6 18. Ra4 c6 19. Ra3 b5 20. Rc3 Rhe8 21. f4 Rd5 22. Rd3 Rh5 23. O-O-O Rxh2 24. Qg4+ Qe6 25. Qxg7 Qxa2 26. Ra3 Qc4 27. Ra8+ Kc7 28. c3 Rxa8 29. Qe5+ Kb6 30. b3 0-1

[Event "Live Chess"]
[Site "Chess.com"]
[Date "2011.01.21"]
[Round "-"]
[White "hipposcottimus"]
[Black "spike7780"]
[Result "1-0"]
[CurrentPosition "r2q4/pp4kB/n1p1p1Q1/8/8/8/PPP3PP/5RK1 b - -"]
[Timezone "UTC"]
[ECO "B01"]
[ECOUrl "https://www.chess.com/openings/Scandinavian-Defense-Mieses-Kotrc-Variation-3.Nc3-Qd8-4.d4-c6"]
[UTCDate "2011.01.21"]
[UTCTime "02:57:55"]
[WhiteElo "1407"]
[BlackElo "1356"]
[TimeControl "600"]
[Termination "hipposcottimus won by resignation"]
[StartTime "02:57:55"]
[EndDate "2011.01.21"]
[EndTime "03:00:44"]
[Link "https://www.chess.com/game/live/89700638"]

1. e4 d5 2. exd5 Qxd5 3. Nc3 Qd8 4. d4 c6 5. f4 Nf6 6. Nf3 Bg4 7. Be2 Bxf3 8. Bxf3 e6 9. O-O Bb4 10. Ne4 Nxe4 11. Bxe4 Ba5 12. f5 O-O 13. Qd3 Bb6 14. fxe6 fxe6 15. Bxh7+ Kh8 16. Be3 Rxf1+ 17. Rxf1 Bxd4 18. Bxd4 Na6 19. Bxg7+ Kxg7 20. Qg6+ 1-0